 Dungeon Crawl Stone Soup version 0.23-a0-396-g5214e5f (webtiles) character file.

2005 galech the Cleaver (level 9, -24/68 HPs)
             Began as a Demonspawn Fighter on Nov 2, 2018.
             Was a Follower of Okawaru.
             Killed from afar by a gargoyle (27 damage)
             ... with a stone arrow
             ... on level 8 of the Dungeon.
             The game lasted 00:09:43 (6779 turns).

galech the Cleaver (Demonspawn Fighter)             Turns: 6779, Time: 00:09:44

Health: -24/68     AC: 17    Str: 16    XL:     9   Next: 2%
Magic:  0/9        EV:  3    Int: 14    God:    Okawaru [*.....]
Gold:   255        SH:  9    Dex: 15    Spells: 8/8 levels left

rFire    . . .     SeeInvis +   v - +1 war axe (chop)
rCold    + + .     Gourm    .   c - +0 shield
rNeg     . . .     Faith    .   o - +1 plate armour of Unleh {rC++ MR- Int+3} (curse)
rPois    .         Spirit   +   k - +1 helmet
rElec    .         Reflect  .   (no cloak)
rCorr    .         Harm     .   (no gloves)
MR       .....                  (boots unavailable)
Stlth    ..........             (no amulet)
HPRegen  0.21/turn              q - ring of see invisible
MPRegen  0.11/turn              (no ring)

@: no status effects
A: talons 3, yellow scales 1, magic shield
a: Heroism, Renounce Religion


You were on level 8 of the Dungeon.
You worshipped Okawaru.
Okawaru was aware of your devotion.
You were not hungry.

You visited 2 branches of the dungeon, and saw 9 of its levels.

You collected 351 gold pieces.
You spent 96 gold pieces at shops.

Inventory:

Hand Weapons
 v - a +1 war axe of chopping (weapon)
Armour
 c - a +0 shield (worn)
 k - a +1 helmet (worn)
 o - the cursed +1 plate armour of Unleh (worn) {rC++ MR- Int+3}
   (You found it on level 8 of the Dungeon)

   It affects your intelligence (+3).
   It greatly protects you from cold.
   It affects your resistance to hostile enchantments.
   It has a curse placed upon it.
Jewellery
 q - a ring of see invisible (left hand)
Wands
 g - a wand of iceblast (10)
 F - a wand of random effects (12)
Scrolls
 b - a scroll of teleportation
 h - 3 scrolls of fog
 i - a scroll of enchant armour
 m - 6 scrolls of magic mapping
 n - 3 scrolls of random uselessness
 s - a scroll of immolation
 w - 4 scrolls of amnesia
 x - 2 scrolls of fear
 y - a scroll of silence {unknown}
 E - a scroll of noise
Potions
 a - a potion of haste
 d - a potion of might
 e - 3 potions of curing
 l - 2 potions of degeneration {unknown}
 p - a potion of cancellation {unknown}
 r - 2 potions of ambrosia {unknown}
 t - a potion of mutation
 u - 2 potions of heal wounds {unknown}
 z - a potion of flight {unknown}
 A - a potion of brilliance {unknown}
 B - 2 potions of agility
 C - 2 potions of resistance
 D - a potion of berserk rage
Comestibles
 f - 14 rations
 j - 6 chunks of flesh


   Skills:
 + Level 5.2 Fighting
 + Level 8.1 Axes
 + Level 4.9 Armour
 + Level 1.6 Dodging
 + Level 0.3 Stealth
 + Level 4.9 Shields


You had 8 spell levels left.
You didn't know any spells.
Your spell library contained the following spells:

 Spells                   Type           Power        Failure   Level  Hunger
 Beastly Appendage        Tmut           #.....       100%        1    ##.....
 Sticks to Snakes         Tmut           #.......     100%        2    ###....
 Spider Form              Tmut/Pois      #.........   100%        3    ####...
 Ice Form                 Ice/Tmut       #.......     100%        4    #####..
 Blade Hands              Tmut           #.........   100%        5    ######.


Dungeon Overview and Level Annotations

Branches:
Dungeon (8/15)             Temple (1/1) D:6            Lair (0/6) D:8

Altars:
Ashenzari
Elyvilon
Fedhas
Kikubaaqudgha
Makhleb
Okawaru
Vehumet
Wu Jian
Xom
Yredelemnul
The Shining One

Shops:
D:5 =(!*


Innate Abilities, Weirdness & Mutations

You have claws for feet.
You are partially covered in yellow scales. (AC +2)
When hurt, damage is shared between your health and your magic reserves.


Message History

You hit the gargoyle but do no damage.
You claw the gargoyle, but do no damage.
The gargoyle is severely damaged.
The gargoyle hurls a stone arrow at you.
The stone arrow hits you!
* * * LOW HITPOINT WARNING * * *
You hit the gargoyle but do no damage.
You claw the gargoyle, but do no damage.
The gargoyle is severely damaged.
The gargoyle hits you with a +0 mace.
* * * LOW HITPOINT WARNING * * *
You hit the gargoyle but do no damage.
You claw the gargoyle, but do no damage.
The gargoyle is severely damaged.
The gargoyle hits you but does no damage.
You hit the gargoyle but do no damage.
The gargoyle is severely damaged.
The gargoyle hurls a stone arrow at you.
The stone arrow hits you!
You die...

##..#....#...... ..#
#######..#....#.#....
####
#......#.#....#.#....
#>.............#.#.##
#..............#.....
#######..............
###............
#.#....^...[.
#.#.#@##..... #.#.#9#
..... #.#.#.# ....
#...# ... ##..# ...
...# ...# #....


You could see a gargoyle.

Vanquished Creatures
  Grinder (D:5)
  A hippogriff (D:7)
  A hungry ghost (D:7)
  3 phantoms
  An ogre (D:7)
  A centaur (D:6)
  A crocodile (D:8)
  A bullfrog (D:7)
  A scorpion (D:3)
  5 orc priests
  A centaur zombie (D:7)
  A jelly (D:6)
  4 orc wizards
  Natasha (thrice) (D:3)
  2 iguanas
  2 worker ants
  A killer bee zombie (D:5)
  A hound skeleton (D:4)
  A worker ant zombie (D:5)
  Robin (D:2)
  3 gnolls (D:7)
  10 adders
  3 shadow imps
  6 oozes
  An adder skeleton (D:6)
  An adder zombie (D:7)
  3 worms
  A dart slug (D:2)
  6 leopard geckos
  24 orcs
  2 giant cockroaches
  15 goblins
  18 hobgoblins
  11 jackals
  7 quokkas
  6 bats
  9 frilled lizards
  A jackal skeleton (D:6)
  10 kobolds
  A leopard gecko skeleton (D:4)
  9 rats
  A spectral orc (D:6)
181 creatures vanquished.

Notes
Turn   | Place    | Note
-------+----------+-------------------------------------------
     0 | D:1      | galech the Demonspawn Fighter began the quest for the Orb.
     0 | D:1      | Reached XP level 1. HP: 18/18 MP: 1/1
   204 | D:1      | Reached skill level 2 in Axes
   226 | D:1      | Gained mutation: You are partially covered in yellow
                  | scales. (AC +2) [demonic ancestry]
   226 | D:1      | Reached XP level 2. HP: 16/24 MP: 2/2
   616 | D:1      | Reached XP level 3. HP: 27/29 MP: 3/3
  1509 | D:2      | Gained mutation: When hurt, damage is shared between your
                  | health and your magic reserves. [demonic ancestry]
  1509 | D:2      | Reached XP level 4. HP: 31/35 MP: 4/4
  1543 | D:2      | Reached skill level 3 in Axes
  2128 | D:3      | Noticed Natasha
  2131 | D:3      | Killed Natasha
  2132 | D:3      | Noticed Robin
  2143 | D:2      | Killed Robin
  2143 | D:2      | Reached XP level 5. HP: 35/41 MP: 3/5
  2172 | D:3      | Noticed Natasha
  2303 | D:3      | Killed Natasha
  2597 | D:3      | Found an ornate altar of the Wu Jian Council.
  2739 | D:3      | Reached skill level 4 in Axes
  2879 | D:3      | Gained mutation: You have sharp toenails. [demonic
                  | ancestry]
  2879 | D:3      | Reached XP level 6. HP: 48/48 MP: 6/6
  2959 | D:3      | Noticed Natasha
  2973 | D:3      | Killed Natasha
  3397 | D:4      | Found a glowing golden altar of the Shining One.
  3694 | D:4      | Reached skill level 5 in Axes
  3700 | D:4      | Gained mutation: You have razor-sharp toenails. [demonic
                  | ancestry]
  3700 | D:4      | Reached XP level 7. HP: 28/53 MP: 4/7
  3853 | D:4      | Found a shattered altar of Ashenzari.
  4277 | D:5      | Entered Level 5 of the Dungeon
  4432 | D:5      | Found Xomugy's Distillery.
  4475 | D:5      | Bought a potion of berserk rage for 60 gold pieces
  4475 | D:5      | Bought a potion of curing for 36 gold pieces
  4517 | D:5      | Found Kyek Itt's Assorted Antiques.
  4613 | D:5      | Found Beffir Penu's Weapon Shoppe.
  4710 | D:5      | Noticed Grinder
  4719 | D:5      | Killed Grinder
  4719 | D:5      | Reached skill level 6 in Axes
  4719 | D:5      | Reached skill level 1 in Dodging
  4811 | D:5      | Found Zoiras's Jewellery Boutique.
  4958 | D:6      | Gained mutation: You have claws for feet. [demonic
                  | ancestry]
  4958 | D:6      | Reached XP level 8. HP: 60/60 MP: 8/8
  4990 | D:6      | Found a staircase to the Ecumenical Temple.
  5009 | Temple   | Entered the Ecumenical Temple
  5016 | Temple   | Became a worshipper of Warmaster Okawaru
  5192 | D:6      | Found a radiant altar of Vehumet.
  5257 | D:6      | Found a basalt altar of Yredelemnul.
  5513 | D:6      | Found a glowing golden altar of the Shining One.
  5583 | D:7      | Reached skill level 7 in Axes
  6040 | D:7      | Found an ancient bone altar of Kikubaaqudgha.
  6159 | D:7      | Noticed a hippogriff
  6165 | D:7      | Killed a hippogriff
  6165 | D:7      | Reached skill level 5 in Fighting
  6200 | D:7      | Found a shimmering altar of Xom.
  6544 | D:8      | Got a dazzling plate armour
  6556 | D:8      | Identified the cursed +1 plate armour of Unleh {rC++ MR-
                  | Int+3} (You found it on level 8 of the Dungeon)
  6645 | D:8      | Reached skill level 8 in Axes
  6717 | D:8      | Reached * piety under Okawaru
  6717 | D:8      | Reached XP level 9. HP: 57/68 MP: 6/9
  6758 | D:8      | Found a staircase to the Lair.
  6765 | D:8      | Noticed a gargoyle
  6777 | D:8      | HP: 2/68 [gargoyle/+0 mace (4)]
  6779 | D:8      | Killed from afar by a gargoyle

Vault maps used:
D:1:      dpeg_arrival_houses_and_road
D:2:      minmay_heptomino_w4
D:3:      old_standard_altar, first_ration, uniq_robin, uniq_natasha
D:4:      marbit_many_paths, tso_oasis_becter, minmay_misc_feat_more_columns,
          kennysheep_generic_room_11
D:5:      serial_shops, shop, nicolae_shop_overgrown_old_shop, shop,
          nicolae_shop_statue_plus, uniq_grinder
D:6:      cheibrodos_quashed, fiery_altar_vehumet,
          yredelemnul_forgotten_temple_becter, minmay_temple_entry_overgrown,
          tso_altar
D:7:      nicolae_overflow_hidden_temple, overflow_temple_1_default,
          grunt_ogre_cave, minmay_fountain_box, minmay_misc_feat_pillars
D:8:      nicolae_gozag_cash_rules_everything_around_me, lair_entry_dummy
Temple:   compressed_dpeg_triangle_lava_temple

Skill      XL: |  1  2  3  4  5  6  7  8 |
---------------+-------------------------+-----
Axes           | 2 3 4 5 6 8 |  8.1
Shields        | 3 4 |  4.9
Armour         | 3 4 |  4.9
Fighting       | 4 5 |  5.2
Dodging        | 1 |  1.6
Stealth        | |  0.3

Action                   |  1- 3 |  4- 6 |  7- 9 || total
-------------------------+-------+-------+-------++-------
Melee: War axe           |   183 |   224 |   214 ||   621
       Kick              |       |       |    28 ||    28
  Use: Scroll            |       |       |    16 ||    16
       Potion            |       |       |     1 ||     1
  Eat: Chunk             |     2 |     8 |     9 ||    19
       Ration            |       |       |     1 ||     1
Armor: Scale mail        |    29 |       |       ||    29
       Chain mail        |    66 |   184 |    88 ||   338
       Plate armour      |       |       |     8 ||     8
       Ring mail         |       |       |     2 ||     2
Dodge: Dodged            |    29 |    46 |    51 ||   126
Block: Shield            |    93 |   139 |    91 ||   323

Table legend:
 A = Non-vault XP
 B = Vault XP
 C = Vault XP percentage of total XP
 D = Non-vault monster count
 E = Vault monster count
 F = Vault count percentage of total count
                 A         B        C        D         E       F
            +---------+---------+-------+---------+---------+-------
      Total |    2389 |     476 |  16.6 |     163 |      18 |   9.9
            +---------+---------+-------+---------+---------+-------
        D:1 |      51 |       0 |   0.0 |      31 |       0 |   0.0
        D:2 |      91 |      25 |  21.6 |      26 |       7 |  21.2
        D:3 |     213 |      51 |  19.3 |      25 |       8 |  24.2
        D:4 |     336 |       0 |   0.0 |      21 |       0 |   0.0
        D:5 |     305 |     277 |  47.6 |      21 |       1 |   4.5
        D:6 |     350 |       1 |   0.3 |      13 |       1 |   7.1
        D:7 |     785 |     122 |  13.5 |      15 |       1 |   6.2
        D:8 |     258 |       0 |   0.0 |      11 |       0 |   0.0
            +---------+---------+-------+---------+---------+-------
